 Dungeon Crawl Stone Soup version 0.21.0-25-ge575cb9 (webtiles) character file.

34 Moloch the Magician (level 3, 0/21 HPs)
             Began as an Octopode Wizard on Jan 22, 2018.
             Slain by an adder (4 damage)
             ... on level 2 of the Dungeon.
             The game lasted 00:02:19 (1405 turns).

Moloch the Magician (Octopode Wizard)               Turns: 1405, Time: 00:02:20

Health: 0/21       AC:  1    Str:  6    XL:     3   Next: 31%
Magic:  0/8        EV: 13    Int: 21    God:
Gold:   102        SH:  0    Dex: 10    Spells: 4/9 levels left

rFire    . . .     SeeInvis .   (no weapon)
rCold    . . .     Gourm    .   (no shield)
rNeg     . . .     Faith    .   a - +0 hat
rPois    .         Spirit   .   (no amulet)
rElec    .         Reflect  .   (no ring)
rCorr    .         Harm     .   (no ring)
MR       .....                  (no ring)
Stlth    +++.......             (no ring)
HPRegen  0.07/turn              (no ring)
MPRegen  0.11/turn              (no ring)
                                (no ring)
                                (no ring)

@: lethally poisoned (0 -> -3)
A: almost no armour, stealthy swim, amphibious, 8 rings, constrict 8, camouflage
1, gelatinous body 1
a: no special abilities


You were on level 2 of the Dungeon.
You were not hungry.

You visited 1 branch of the dungeon, and saw 2 of its levels.

You collected 102 gold pieces.

Inventory:

Hand Weapons
 l - a +0 spear
Armour
 a - a +0 hat (worn)
Jewellery
 g - an uncursed ring of ice
Wands
 m - a wand of polymorph (11)
Scrolls
 e - a scroll of blinking {unknown}
 f - a scroll of fog {unknown}
 h - a scroll of magic mapping {unknown}
 i - a scroll of enchant armour {unknown}
 k - 2 scrolls of remove curse {unknown}
Potions
 d - a potion of degeneration {unknown}
 j - a potion of haste {unknown}
Books
 b - a book of Minor Magic

   Spells                             Type                      Level
   a - Magic Dart                     Conjuration                  1
   b - Blink                          Translocation                2
   c - Call Imp                       Summoning                    2
   d - Slow                           Hexes                        2
   e - Conjure Flame                  Conjuration/Fire             3
   f - Mephitic Cloud                 Conjuration/Poison/Air       3
Comestibles
 c - 4 rations


   Skills:
 - Level 2.0 Dodging
 - Level 2.6 Stealth
 + Level 3.8 Spellcasting
 * Level 1.7 Conjurations
 - Level 1.0 Summonings
 - Level 1.0 Translocations


You had 4 spell levels left.
You knew the following spells:

 Your Spells              Type           Power        Failure   Level  Hunger
a - Magic Dart            Conj           ##..         6%          1    None
b - Blink                 Tloc           N/A          12%         2    #......
c - Call Imp              Summ           #.......     12%         2    #......


Dungeon Overview and Level Annotations

Branches:
Dungeon (2/15)

Altars:
Cheibriados


Innate Abilities, Weirdness & Mutations

You cannot wear most types of armour.
You are very stealthy in the water. (Stealth+)
You are amphibious.
You can wear up to eight rings at the same time.
You can use your tentacles to constrict eight enemies at once.
Your skin changes colour to match your surroundings (Stealth+).
Your rubbery body absorbs attacks. (AC +1, EV +1)


Message History

[Y]es or [N]o only, please.
Really attack barehanded? [Y]es or [N]o only, please.
Really attack barehanded?
Okay, then.
Really attack barehanded?
You tentacle-slap the adder but do no damage.
Your grab misses the adder.
The adder is almost dead.
You feel sick. The adder bites you.
You barely miss the adder. Your grab misses the adder.
Your squeeze misses the adder.
The adder is almost dead.
The adder bites you.
* * * LOW HITPOINT WARNING * * *
You closely miss the adder. Your grab misses the adder.
The adder is almost dead.
* * * LOW HITPOINT WARNING * * *
You feel sick. The adder bites you.
You die...

###### #....## #........ #
#.#.## #.##.###. #.#.#######
#.# .# ##.#.......# #)##.#
#..##......# #..#.#
###.###......####.#.##.##.
#####...# #...................
........# #......####.#.......
.......(###.....@## #.........
...≈≈≈...##......S##..........
##≈≈≈≈≈..######.#......#.####.
#_≈≈.≈≈..# #..#.....#.#
##≈≈≈≈≈.## ###...........#
##≈≈≈.#####...#......%...
#####...##.............
.............÷..........
#........#...>.#.....


You could see an adder.

Vanquished Creatures
  A dart slug (D:2)
  3 leopard geckos (D:1)
  3 bats
  3 giant cockroaches
  2 goblins (D:1)
  3 hobgoblins
  2 quokkas (D:2)
  3 frilled lizards
  3 kobolds (D:1)
  2 rats (D:1)
25 creatures vanquished.

Notes
Turn   | Place    | Note
-------+----------+-------------------------------------------
     0 | D:1      | Moloch the Octopode Wizard began the quest for the Orb.
     0 | D:1      | Reached XP level 1. HP: 11/11 MP: 4/4
   312 | D:1      | Reached XP level 2. HP: 17/17 MP: 3/6
   335 | D:1      | Learned a level 2 spell: Blink
   338 | D:1      | Learned a level 2 spell: Call Imp
  1037 | D:2      | Reached XP level 3. HP: 15/21 MP: 5/8
  1238 | D:2      | Found a snail-covered altar of Cheibriados.
  1405 | D:2      | Slain by an adder

Action                   || total
-------------------------++-------
Melee: Unarmed           ||     5
 Cast: Magic Dart        ||    72
  Eat: Chunk             ||     1
Dodge: Dodged            ||    11
